 Dungeon Crawl Stone Soup version 0.17-a0-1545-gc1bb672 (console) character file.

367 FIQ the Spear-Bearer (level 6, -1/44 HPs)
             Began as a Merfolk Gladiator on July 18, 2015.
             Slain by Pikel
             ... wielding a +1 whip of flaming
              (6 damage)
             ... on level 4 of the Dungeon.
             The game lasted 00:07:26 (2381 turns).

FIQ the Spear-Bearer (Merfolk Gladiator)            Turns: 2381, Time: 00:07:26

Health: -1/44      AC:  5    Str: 20    XL:     6   Next: 69%
Magic:  6/6        EV: 14    Int:  8    God:
Gold:   182        SH:  0    Dex: 16    Spells: 0 memorised, 5 levels left

rFire  . . .     SeeInvis .     a - +1 trident
rCold  . . .     Clarity  .     b - +0 leather armour
rNeg   . . .     SustAt   .     (no shield)
rPois  +         Gourm    .     c - +1 helmet
rElec  .         Spirit   .     (no cloak)
rCorr  .         Warding  .     (no gloves)
rMut   .         Stasis   .     (no boots)
MR     .....                    (no amulet)
Stlth  +.........               k - ring of poison resistance
                                o - +5 ring of strength

@: not resistant to hostile enchantments, very unstealthy
A: change form in water, swift swim
a: no special abilities


You were on level 4 of the Dungeon.
You were not hungry.

You visited 1 branch of the dungeon, and saw 4 of its levels.

You collected 182 gold pieces.

Inventory:

Hand weapons
 a - a +1 trident (weapon)
Missiles
 d - 3 throwing nets (quivered)
Armour
 b - a +0 leather armour (worn)
 c - a +1 helmet (worn)
Jewellery
 h - an uncursed ring of loudness
 k - a ring of poison resistance (right hand)
 m - a +5 ring of intelligence
 o - a +5 ring of strength (left hand)
Scrolls
 f - 5 scrolls of identify
 i - a scroll of teleportation
 n - 2 scrolls of remove curse
Potions
 g - 2 potions of haste
 p - 2 potions of curing
Comestibles
 e - 3 bread rations
 j - 2 beef jerkies
 l - 7 chunks of flesh
 q - 4 fruits


   Skills:
 - Level 2.1 Fighting
 + Level 10.4 Polearms
 - Level 2.0 Throwing
 - Level 4.0 Dodging


You had 5 spell levels left.
You didn't know any spells.

Dungeon Overview and Level Annotations

Branches:
Dungeon (4/15)
 Temple: D:4-7

Altars:
Gozag

Annotations:
D:4 Pikel


Message History

Pikel hits you with a whip of flaming.
* * * LOW HITPOINT WARNING * * *
Pikel burns you.
* * * LOW HITPOINT WARNING * * *
You are too injured to fight recklessly!
You are too injured to fight recklessly!
You are too injured to fight recklessly!
You are too injured to fight recklessly!
You are too injured to fight recklessly!
You are too injured to fight recklessly!
You closely miss Pikel.
Pikel is almost dead.
Pikel hits you with a whip of flaming.
* * * LOW HITPOINT WARNING * * *
Pikel burns you.
* * * LOW HITPOINT WARNING * * *
You barely miss Pikel.
Pikel is almost dead.
Pikel hits you with a whip of flaming.
You die...

########...#.#...#.#..#
###.#.....#..#.#
*######***..........#.#
#......,,,,....#..#####
...##******###,#.##
....# *,,,#.# .##.#**
**,**#.# .#*,..* **,,*
#.# ##***,# **,,** #@#
*,***,,** *#K# *,,,,,**
*gp# ******* *#p## *pp*
*#b#* ***** ###
******..****,,,** ..#
*,,,,...,**,,,,,** ..#
*,,,,,,,**,,,*,,,**


You could see Pikel, 4 slaves, a goblin and a bat.

Vanquished Creatures
  An ogre (D:4)
  A giant frog zombie (D:3)
  An orc wizard (D:4)
  A giant frog skeleton (D:4)
  An orc priest (D:3)
  6 adders
  2 oozes
  14 orcs
  5 giant cockroaches
  6 goblins
  8 hobgoblins
  7 jackals
  9 kobolds
  A quokka (D:4)
  9 bats
  3 giant geckos
  3 giant newts
  9 rats
87 creatures vanquished.

Notes
Turn   | Place    | Note
--------------------------------------------------------------
     0 | D:1      | FIQ the Merfolk Gladiator began the quest for the Orb.
     0 | D:1      | Reached XP level 1. HP: 16/16 MP: 1/1
   139 | D:1      | Reached skill level 5 in Polearms
   159 | D:1      | Reached XP level 2. HP: 22/22 MP: 2/2
   462 | D:1      | Reached XP level 3. HP: 27/27 MP: 3/3
   561 | D:1      | Reached skill level 6 in Polearms
  1180 | D:2      | Found an opulent altar of Gozag.
  1236 | D:2      | Reached skill level 7 in Polearms
  1236 | D:2      | Reached XP level 4. HP: 25/33 MP: 4/4
  1579 | D:3      | Reached skill level 8 in Polearms
  1580 | D:3      | Reached XP level 5. HP: 38/38 MP: 5/5
  2136 | D:4      | Reached skill level 9 in Polearms
  2201 | D:4      | Reached XP level 6. HP: 30/44 MP: 6/6
  2253 | D:4      | Noticed an ogre
  2270 | D:4      | Killed an ogre
  2270 | D:4      | Reached skill level 10 in Polearms
  2362 | D:4      | Noticed a slave
  2363 | D:4      | Noticed Pikel
  2365 | D:4      | Noticed a slave
  2365 | D:4      | Noticed a slave
  2366 | D:4      | Noticed a slave
  2381 | D:4      | Slain by Pikel

Vault maps used:
D:1:      dpeg_arrival_windows_large_door, kennysheep_flooded_box, minivault_19
D:2:      lemuel_doored_altar, first_bread, kennysheep_generic_room_10
D:3:      nicolae_underground_beach
D:4:      grunt_ministairs_10, kennysheep_diamond, hangedman_decor_peaks_small,
          uniq_pikel

Action                   |  1- 3 |  4- 6 || total
-------------------------+-------+-------++-------
Melee: Trident           |   101 |   160 ||   261
  Use: Scroll            |     7 |     3 ||    10
       Potion            |     3 |     1 ||     4
 Stab: Sleeping          |     1 |     2 ||     3
  Eat: Chunk             |       |     5 ||     5
